TOP OF THE 1ST |
Penn State Nittany Lions batting - Pitching for Texas Tech Red Raiders : RHP Alan Bailey
|
Pitching: RHP Alan Bailey
|
|
Batting: LHB Andrew Russell
|
0-0: Called Strike 0-1: Foul Ball, location: 2F 0-2: Strikes out swinging
|
Batting: RHB Bob Cole
|
0-0: Called Strike 0-1: Ball 1-1: Ball 2-1: SINGLE (Line Drive, 8LS)
|
Batting: RHB Tom Gordon
|
0-0: Ball 1-0: Called Strike 1-1: Ball 2-1: Swinging Strike 2-2: Foul Ball, location: 2F 2-2: Foul Ball, location: 2F 2-2: Strikes out swinging
|
Batting: RHB Randy Jacobs
|
0-0: Called Strike 0-1: Ball 1-1: Ball 2-1: Ball Passed Ball! Bob Cole to second 3-1: Base on Balls
|
Batting: SHB Jim Gibson
|
0-0: DOUBLE (Line Drive, 3L) Bob Cole scores Randy Jacobs to third
|
Batting: RHB Johnny Hood
|
0-0: Ball 1-0: Foul Ball, location: 2F 1-1: Fly out, F7 (Flyball, 7M)
|
Top of the 1st over - 1 run(s), 2 hit(s), 0 error(s), 2 left on base; Penn State 1 - Texas Tech 0 |
BOTTOM OF THE 1ST |
Texas Tech Red Raiders batting - Pitching for Penn State Nittany Lions : LHP Felipe Díaz
|
Pitching: LHP Felipe Díaz
|
|
Batting: RHB Donovan James
|
0-0: Bunted foul 0-1: Foul Ball, location: 2F 0-2: Ball 1-2: Ball 2-2: Ball 3-2: Foul Ball, location: 2F 3-2: Foul Ball, location: 2F 3-2: Base on Balls
|
Batting: LHB Albert Cardona
|
0-0: Foul Ball, location: 2F 0-1: Fly out, F6 (Line Drive, 6M)
|
Batting: RHB Oliver Todd
|
0-0: Ball Donovan James is caught stealing 2nd base 1-0: SOLO HOME RUN (Flyball, 8LXD), Distance : 393 ft
|
Batting: LHB Micheal Morgan
|
0-0: Swinging Strike 0-1: Foul Ball, location: 2F 0-2: Fly out, F8 (Flyball, 8LXD)
|
Bottom of the 1st over - 1 run(s), 1 hit(s), 0 error(s), 0 left on base; Penn State 1 - Texas Tech 1 |
TOP OF THE 2ND |
Penn State Nittany Lions batting - Pitching for Texas Tech Red Raiders : RHP Alan Bailey
|
Batting: SHB Tony Yan
|
0-0: Ball 1-0: Called Strike 1-1: Ball 2-1: Ball 3-1: Base on Balls
|
Batting: RHB Mark Roy
|
0-0: Ball 1-0: Ball 2-0: Foul Ball, location: 2F 2-1: Ball 3-1: Foul Ball, location: 2F 3-2: Foul Ball, location: 2F 3-2: Base on Balls Tony Yan to second
|
Batting: RHB Jeremiah Ward
|
0-0: Called Strike 0-1: Ball 1-1: Ball 2-1: Fly out, F8 (Flyball, 8LM)
|
Batting: LHB Andrew Russell
|
0-0: Ball 1-0: Swinging Strike 1-1: Swinging Strike 1-2: Foul Ball, location: 2F 1-2: Ball 2-2: Strikes out swinging
|
Batting: RHB Bob Cole
|
0-0: Ball 1-0: Ball 2-0: SINGLE (Line Drive, 78M) Tony Yan to third Mark Roy to second Runner from 3rd tries for Home, SAFE, no throw or cutoff
|
Batting: RHB Tom Gordon
|
0-0: Ball 1-0: Ball 2-0: Called Strike 2-1: Called Strike 2-2: Ground out 1-3 (Groundball, 15)
|
Top of the 2nd over - 1 run(s), 1 hit(s), 0 error(s), 2 left on base; Penn State 2 - Texas Tech 1 |
BOTTOM OF THE 2ND |
Texas Tech Red Raiders batting - Pitching for Penn State Nittany Lions : LHP Felipe Díaz
|
Batting: RHB Bruce Jones
|
0-0: SINGLE (Groundball, 56D)
|
Batting: RHB Steven Hill
|
0-0: Swinging Strike 0-1: Fly out, F3 (Popup, 34S)
|
Batting: RHB Casey Fox
|
0-0: Ground out 4-3 (Groundball, 4M) Bruce Jones to second
|
Batting: RHB Terry Whitney
|
Reached via error on a dropped throw, E3 Bruce Jones to third
|
Batting: RHB Jorge Calderón
|
0-0: Called Strike 0-1: Ball 1-1: Ball 2-1: Foul Ball, location: 2F 2-2: Ground out 6-3 (Groundball, 6)
|
Bottom of the 2nd over - 0 run(s), 1 hit(s), 1 error(s), 2 left on base; Penn State 2 - Texas Tech 1 |
TOP OF THE 3RD |
Penn State Nittany Lions batting - Pitching for Texas Tech Red Raiders : RHP Alan Bailey
|
Batting: RHB Randy Jacobs
|
0-0: Fly out, F8 (Flyball, 8LM)
|
Batting: SHB Jim Gibson
|
0-0: Ball 1-0: Ball 2-0: Called Strike 2-1: Ball 3-1: Foul Ball, location: 2F 3-2: Foul Ball, location: 2F 3-2: Base on Balls
|
Batting: RHB Johnny Hood
|
0-0: Ball 1-0: Ball 2-0: Ball 3-0: Base on Balls Jim Gibson to second
|
Batting: SHB Tony Yan
|
0-0: Foul Ball, location: 2F 0-1: Called Strike 0-2: Ball 1-2: Strikes out swinging
|
Batting: RHB Mark Roy
|
0-0: Ball 1-0: Foul Ball, location: 2F 1-1: Ball 2-1: Foul Ball, location: 2F 2-2: Strikes out swinging
|
Top of the 3rd over - 0 run(s), 0 hit(s), 0 error(s), 2 left on base; Penn State 2 - Texas Tech 1 |
BOTTOM OF THE 3RD |
Texas Tech Red Raiders batting - Pitching for Penn State Nittany Lions : LHP Felipe Díaz
|
Batting: RHB Donovan James
|
0-0: Ball 1-0: Ball 2-0: Called Strike 2-1: DOUBLE (Groundball, 5L)
|
Batting: LHB Albert Cardona
|
0-0: Called Strike 0-1: Fly out, F7 (Flyball, 78M)
|
Batting: RHB Oliver Todd
|
0-0: Swinging Strike 0-1: Swinging Strike 0-2: Ball 1-2: Ball 2-2: Strikes out looking
|
Batting: LHB Micheal Morgan
|
0-0: Ball 1-0: Ball 2-0: Ball 3-0: Base on Balls
|
Batting: RHB Bruce Jones
|
0-0: Called Strike 0-1: Ball 1-1: Ball 2-1: Called Strike 2-2: Strikes out swinging
|
Bottom of the 3rd over - 0 run(s), 1 hit(s), 0 error(s), 2 left on base; Penn State 2 - Texas Tech 1 |
TOP OF THE 4TH |
Penn State Nittany Lions batting - Pitching for Texas Tech Red Raiders : RHP Alan Bailey
|
Batting: RHB Jeremiah Ward
|
0-0: Ball 1-0: Called Strike 1-1: Swinging Strike 1-2: Foul Ball, location: 2F 1-2: Ball 2-2: Ball 3-2: DOUBLE (Line Drive, 5D)
|
Pitching: RHP A.J. Wellman
|
|
Batting: LHB Andrew Russell
|
0-0: Ball Jeremiah Ward is caught stealing 3rd base 1-0: Ball 2-0: Ball 3-0: Base on Balls
|
Batting: RHB Bob Cole
|
0-0: Swinging Strike 0-1: Foul Ball, location: 2F 0-2: Ball 1-2: Strikes out swinging
|
Batting: RHB Tom Gordon
|
0-0: Ball Andrew Russell is caught stealing 2nd base
|
Top of the 4th over - 0 run(s), 1 hit(s), 0 error(s), 0 left on base; Penn State 2 - Texas Tech 1 |
BOTTOM OF THE 4TH |
Texas Tech Red Raiders batting - Pitching for Penn State Nittany Lions : LHP Felipe Díaz
|
Batting: RHB Steven Hill
|
0-0: Ball 1-0: Called Strike 1-1: Swinging Strike 1-2: Ball 2-2: Ground out 6-3 (Groundball, 6M)
|
Batting: RHB Casey Fox
|
0-0: Ball 1-0: Swinging Strike 1-1: Foul Ball, location: 2F 1-2: Ball 2-2: DOUBLE (Line Drive, 7LM)
|
Batting: RHB Terry Whitney
|
0-0: Called Strike 0-1: Called Strike 0-2: Ball 1-2: Ball 2-2: Foul Ball, location: 2F 2-2: Strikes out swinging
|
Batting: RHB Jorge Calderón
|
0-0: Ball 1-0: SINGLE (Groundball, 6MD) Casey Fox to third Runner from 3rd tries for Home, SAFE, no throw or cutoff
|
Batting: RHB Donovan James
|
0-0: Ball 1-0: Ball 2-0: Ball 3-0: Base on Balls Jorge Calderón to second
|
Batting: LHB Albert Cardona
|
0-0: Ball 1-0: Called Strike 1-1: Foul Ball, location: 2F 1-2: Foul Ball, location: 2F 1-2: Strikes out swinging
|
Bottom of the 4th over - 1 run(s), 2 hit(s), 0 error(s), 2 left on base; Penn State 2 - Texas Tech 2 |
TOP OF THE 5TH |
Penn State Nittany Lions batting - Pitching for Texas Tech Red Raiders : RHP A.J. Wellman
|
Batting: RHB Tom Gordon
|
0-0: Ball 1-0: Ball 2-0: SINGLE (Groundball, 4D)
|
Batting: RHB Randy Jacobs
|
0-0: DOUBLE (Flyball, 9LM) Tom Gordon to third
|
Batting: SHB Jim Gibson
|
0-0: Ball 1-0: Called Strike 1-1: Ball 2-1: Called Strike 2-2: Foul Ball, location: 2F 2-2: Ball 3-2: Foul Ball, location: 2F 3-2: Base on Balls
|
Batting: RHB Johnny Hood
|
0-0: Ball 1-0: Called Strike 1-1: Called Strike 1-2: Foul Ball, location: 2F 1-2: Strikes out looking
|
Batting: SHB Tony Yan
|
0-0: Ball 1-0: Ball 2-0: Ball 3-0: Called Strike 3-1: Fly out, F9 (Flyball, 89M) Runner from 3rd tags up, OUT at HOME
|
Top of the 5th over - 0 run(s), 2 hit(s), 0 error(s), 2 left on base; Penn State 2 - Texas Tech 2 |
BOTTOM OF THE 5TH |
Texas Tech Red Raiders batting - Pitching for Penn State Nittany Lions : LHP Felipe Díaz
|
Batting: RHB Oliver Todd
|
0-0: SINGLE (Groundball, 25) (infield hit)
|
Batting: LHB Micheal Morgan
|
0-0: Called Strike 0-1: Called Strike 0-2: Foul Ball, location: 2F 0-2: Ball 1-2: Ball Balk! Oliver Todd to second 2-2: SINGLE (Groundball, 4MD) Oliver Todd to third Runner from 3rd tries for Home, SAFE, throw made home
|
Batting: RHB Bruce Jones
|
0-0: Swinging Strike 0-1: Fly out, F5 (Line Drive, 5L)
|
Pitching: RHP Ed Sorensen
|
|
Batting: RHB Steven Hill
|
0-0: Called Strike 0-1: Swinging Strike 0-2: Ball 1-2: Foul Ball, location: 2F 1-2: Strikes out swinging
|
Batting: RHB Casey Fox
|
0-0: Swinging Strike 0-1: Fly out, F8 (Flyball, 8RS)
|
Bottom of the 5th over - 1 run(s), 2 hit(s), 0 error(s), 1 left on base; Penn State 2 - Texas Tech 3 |
TOP OF THE 6TH |
Penn State Nittany Lions batting - Pitching for Texas Tech Red Raiders : RHP A.J. Wellman
|
Batting: RHB Mark Roy
|
0-0: Called Strike 0-1: Ball 1-1: Ball 2-1: Called Strike 2-2: Ball 3-2: Strikes out swinging
|
Batting: RHB Jeremiah Ward
|
0-0: Called Strike 0-1: Foul Ball, location: 2F 0-2: Strikes out looking
|
Batting: LHB Andrew Russell
|
0-0: Foul Ball, location: 2F 0-1: Ball 1-1: Ball 2-1: Fly out, F8 (Line Drive, 8RM)
|
Top of the 6th over - 0 run(s), 0 hit(s), 0 error(s), 0 left on base; Penn State 2 - Texas Tech 3 |
BOTTOM OF THE 6TH |
Texas Tech Red Raiders batting - Pitching for Penn State Nittany Lions : RHP Ed Sorensen
|
Batting: RHB Terry Whitney
|
0-0: Fly out, F8 (Flyball, 8LS)
|
Batting: RHB Jorge Calderón
|
0-0: Called Strike 0-1: Ball 1-1: Swinging Strike 1-2: Ball 2-2: Strikes out swinging
|
Batting: RHB Donovan James
|
0-0: Ball 1-0: Swinging Strike 1-1: Called Strike 1-2: Foul Ball, location: 2F 1-2: Ball 2-2: Ball 3-2: Foul Ball, location: 2F 3-2: Base on Balls
|
Batting: LHB Albert Cardona
|
0-0: Ball 1-0: Called Strike 1-1: Ball Donovan James steals 2nd base 2-1: Ground out 6-3 (Groundball, 6)
|
Bottom of the 6th over - 0 run(s), 0 hit(s), 0 error(s), 1 left on base; Penn State 2 - Texas Tech 3 |
TOP OF THE 7TH |
Penn State Nittany Lions batting - Pitching for Texas Tech Red Raiders : RHP A.J. Wellman
|
Pitching: RHP Joe Allen
|
|
Batting: RHB Bob Cole
|
0-0: Fly out, F8 (Flyball, 78M)
|
Batting: RHB Tom Gordon
|
0-0: Called Strike 0-1: Ball 1-1: Ball 2-1: Swinging Strike 2-2: SOLO HOME RUN (Flyball, 7D), Distance : 356 ft
|
Batting: RHB Randy Jacobs
|
0-0: Called Strike 0-1: Ball 1-1: Swinging Strike 1-2: Ground out 6-3 (Groundball, 6M)
|
Batting: SHB Jim Gibson
|
0-0: Fly out, F7 (Flyball, 78M)
|
Top of the 7th over - 1 run(s), 1 hit(s), 0 error(s), 0 left on base; Penn State 3 - Texas Tech 3 |
BOTTOM OF THE 7TH |
Texas Tech Red Raiders batting - Pitching for Penn State Nittany Lions : RHP Ed Sorensen
|
Batting: RHB Oliver Todd
|
0-0: Called Strike 0-1: Ball 1-1: Foul Ball, location: 2F 1-2: Fly out, F9 (Flyball, 9M)
|
Pitching: RHP Fernando Peña
|
|
Batting: LHB Micheal Morgan
|
0-0: Ball 1-0: Ball 2-0: Ball 3-0: Base on Balls
|
Batting: RHB Bruce Jones
|
0-0: Foul Ball, location: 2F 0-1: Ball 1-1: DOUBLE (Line Drive, 3D) Micheal Morgan to third
|
Batting: RHB Steven Hill
|
0-0: Intentional Walk
|
Batting: RHB Casey Fox
|
0-0: Called Strike 0-1: Ball 1-1: Ball 2-1: Ground out 5-3 (Groundball, 56S) Micheal Morgan scores Bruce Jones to third Steven Hill to second
|
Batting: RHB Terry Whitney
|
0-0: Ball 1-0: Swinging Strike 1-1: Swinging Strike 1-2: Ball 2-2: Fly out, F5 (Line Drive, 56)
|
Bottom of the 7th over - 1 run(s), 1 hit(s), 0 error(s), 2 left on base; Penn State 3 - Texas Tech 4 |
TOP OF THE 8TH |
Penn State Nittany Lions batting - Pitching for Texas Tech Red Raiders : RHP Joe Allen
|
Pitching: RHP Ronald Stone
|
|
Batting: RHB Johnny Hood
|
0-0: Called Strike 0-1: Ball 1-1: Ball 2-1: Ball 3-1: Base on Balls
|
Batting: SHB Tony Yan
|
0-0: Ball 1-0: Bunted foul 1-1: Sac Bunt - play at first, batter OUT! 1-4 Johnny Hood to second
|
Batting: RHB Mark Roy
|
0-0: Ball 1-0: Ball 2-0: Ball 3-0: Called Strike 3-1: Base on Balls
|
Pinch Hitting: RHB Sergio Gonzáles
|
0-0: Foul Ball, location: 2F 0-1: Ball 1-1: Fly out, F9 (Flyball, 9S)
|
Batting: LHB Andrew Russell
|
0-0: Called Strike 0-1: Ball 1-1: Swinging Strike 1-2: 3-RUN HOME RUN (Flyball, 9D), Distance : 342 ft
|
Batting: RHB Bob Cole
|
0-0: Called Strike 0-1: Called Strike 0-2: SINGLE (Groundball, 6MD)
|
Pitching: RHP Paul Fisher
|
|
Batting: RHB Tom Gordon
|
0-0: Foul Ball, location: 2F 0-1: Ball 1-1: SINGLE (Line Drive, 4MD) Bob Cole to second
|
Batting: RHB Randy Jacobs
|
0-0: Foul Ball, location: 2F 0-1: Foul Ball, location: 2F 0-2: SINGLE (Line Drive, 7LS) Bob Cole to third Tom Gordon to second Runner from 3rd tries for Home, SAFE, no throw or cutoff
|
Batting: SHB Jim Gibson
|
0-0: Ball 1-0: Ball 2-0: Foul Ball, location: 2F 2-1: Ball 3-1: Fly out, F9 (Flyball, 89M)
|
Top of the 8th over - 4 run(s), 4 hit(s), 0 error(s), 2 left on base; Penn State 7 - Texas Tech 4 |
BOTTOM OF THE 8TH |
Texas Tech Red Raiders batting - Pitching for Penn State Nittany Lions : RHP Fernando Peña
|
Now at C: Tony Jones
|
|
Now in CF: Sergio Gonzáles
|
|
Batting: RHB Jorge Calderón
|
0-0: Called Strike 0-1: Ball 1-1: Ball 2-1: Foul Ball, location: 2F 2-2: Ball 3-2: Foul Ball, location: 2F 3-2: Foul Ball, location: 2F 3-2: Base on Balls
|
Pitching: LHP Bryce Johnston
|
|
Batting: RHB Donovan James
|
0-0: Called Strike 0-1: Ball 1-1: Called Strike 1-2: Strikes out looking
|
Batting: LHB Albert Cardona
|
0-0: Ball 1-0: Called Strike 1-1: Ball 2-1: Grounds into double play, 4-6-3 (Groundball, 4)
|
Bottom of the 8th over - 0 run(s), 0 hit(s), 0 error(s), 0 left on base; Penn State 7 - Texas Tech 4 |
TOP OF THE 9TH |
Penn State Nittany Lions batting - Pitching for Texas Tech Red Raiders : RHP Paul Fisher
|
Batting: RHB Johnny Hood
|
0-0: Ball 1-0: Ball 2-0: Foul Ball, location: 2F 2-1: SINGLE (Groundball, 6)
|
Batting: SHB Tony Yan
|
0-0: Ball 1-0: Sac Bunt - play at second, runner OUT! 1-6
|
Batting: RHB Mark Roy
|
0-0: Called Strike 0-1: Called Strike 0-2: Strikes out swinging
|
Batting: RHB Sergio Gonzáles
|
0-0: Called Strike 0-1: Ground out 5-3 (Groundball, 5L)
|
Top of the 9th over - 0 run(s), 1 hit(s), 0 error(s), 1 left on base; Penn State 7 - Texas Tech 4 |
BOTTOM OF THE 9TH |
Texas Tech Red Raiders batting - Pitching for Penn State Nittany Lions : LHP Bryce Johnston
|
Pitching: LHP Josh Hammond
|
|
Batting: RHB Oliver Todd
|
0-0: Ball 1-0: Called Strike 1-1: Called Strike 1-2: Ball 2-2: Strikes out swinging
|
Batting: LHB Micheal Morgan
|
0-0: SINGLE (Line Drive, 6)
|
Batting: RHB Bruce Jones
|
0-0: Ball 1-0: Called Strike 1-1: Foul Ball, location: 2F 1-2: Ball 2-2: Strikes out swinging
|
Batting: RHB Steven Hill
|
0-0: Ball 1-0: Ball 2-0: Called Strike 2-1: Foul Ball, location: 2F 2-2: Strikes out swinging
|
Bottom of the 9th over - 0 run(s), 1 hit(s), 0 error(s), 1 left on base; Penn State 7 - Texas Tech 4 |
|